Map: Purity and Industry LE

Players

BerryRAWR - Winner!

  • Race: Terran Terran
  • League: Grandmaster
  • Spawn Location: 12:00

Goomba

  • Race: Terran Terran
  • League: Grandmaster
  • Spawn Location: 3:00

VOD

Have the link to the VOD?

Description

Time

  • Played on: April 6, 2020, 2:24 a.m.
  • Length: 14:52
Show
View Real Time Build Order
Export as new Build Order

BerryRAWR Terran - Winner!

Build Orders: Banshee Rush 

Get SALT Encoding   

  12  0:00  SCV  
  13  0:13  SCV  
  14  0:18  Supply Depot  
  14  0:25  SCV  
  15  0:28  Refinery  
  15  0:42  SCV  
  16  0:46  Barracks  
  16  0:54  SCV  
  17  0:59  Refinery  
  17  1:06  SCV  
  18  1:18  SCV  
  19  1:33  Reaper, Orbital Command  
  19  1:38  Factory  
  20  1:51  Supply Depot  
  20  2:00  SCV  
  21  2:05  Barracks Reactor  
  21  2:16  SCV  
  21  2:30  Starport  
  21  2:31  Factory Tech Lab  
  21  2:36  SCV  
  22  2:39  Supply Depot  
  22  2:42  Marine x2  
  24  2:49  SCV  
  24  2:50  Siege Tank  
  28  2:59  Marine x2  
  30  3:06  Medivac  
  32  3:17  Marine x2  
  33  3:29  SCV  
  33  3:31  Factory Tech Lab  
  33  3:32  Supply Depot  
  34  3:42  Banshee  
  34  3:43  Cloaking Field  
  34  3:46  SCV  
  38  3:52  Marine  
  38  3:53  Cyclone  
  38  3:54  Marine  
  38  3:55  Supply Depot  
  42  4:09  Marine  
  40  4:12  Marine  
  40  4:14  SCV  
  41  4:31  Banshee  
  37  4:36  SCV  
  40  4:42  Command Center  
  38  4:47  Siege Tank  
  38  4:49  Marine  
  38  4:52  SCV  
  43  5:00  Marine  
  43  5:04  SCV  
  45  5:16  SCV  
  42  5:25  Marine x2  
  47  5:29  SCV  
  48  5:41  SCV  
  43  5:51  Raven  
  43  5:52  Command Center  
  43  5:53  SCV, Marine x2, Siege Tank  
  51  5:57  Orbital Command  
  48  6:05  SCV  
  48  6:09  Refinery  
  49  6:11  Marine x2  
  49  6:17  SCV  
  43  6:29  Marine x2  
  43  6:31  Siege Tank  
  45  6:47  Marine x2  
  45  6:49  SCV x2, Raven  
  45  6:52  Refinery  
  51  6:58  Supply Depot  
  51  7:01  SCV x2  
  53  7:05  Barracks  
  53  7:06  Barracks  
  53  7:07  Orbital Command  
  53  7:13  SCV  
  53  7:15  SCV  
  55  7:18  Starport  
  55  7:23  Barracks Reactor  
  55  7:25  SCV  
  55  7:27  SCV  
  55  7:29  Engineering Bay  
  57  7:32  Supply Depot  
  57  7:37  SCV  
  57  7:38  Siege Tank  
  57  7:42  Raven  
  57  7:43  SCV  
  64  7:47  Supply Depot  
  64  7:48  Supply Depot  
  64  7:50  SCV  
  65  7:55  Orbital Command  
  65  8:05  Missile Turret  
  65  8:08  Missile Turret  
  65  8:10  Siege Tank  
  65  8:12  Missile Turret  
  68  8:22  SCV  
  68  8:23  SCV  
  68  8:24  SCV  
  70  8:30  Barracks Reactor, Viking  
  70  8:31  Viking  
  74  8:34  SCV  
  74  8:35  SCV  
  74  8:36  SCV  
  74  8:38  Viking  
  74  8:39  Viking, Refinery  
  81  8:44  Refinery  
  81  8:45  Command Center  
  81  8:46  SCV  
  81  8:47  SCV, Supply Depot  
  83  8:48  Supply Depot  
  83  8:57  SCV  
  83  8:59  SCV x2, Siege Tank  
  83  9:00  Viking, Factory  
  91  9:05  Supply Depot  
  91  9:08  Supply Depot  
  91  9:09  SCV  
  92  9:11  SCV, Factory  
  92  9:12  Viking  
  92  9:13  SCV  
  96  9:21  SCV, Viking x2  
  96  9:23  SCV  
  102  9:26  SCV  
  103  9:31  Supply Depot x2  
  103  9:33  SCV  
  104  9:41  SCV, Armory  
  104  9:42  Armory  
  105  9:48  Viking x2  
  109  9:54  Supply Depot  
  109  9:59  Viking, Supply Depot  
  114  10:03  Hellion  
  114  10:04  Hellion x2  
  114  10:06  Infernal Pre-Igniter  
  115  10:08  Hellion  
  117  10:30  Supply Depot x2  
  117  10:33  Supply Depot  
  117  10:37  Hellion, Siege Tank x2  
  117  10:38  Hellion  
  117  10:39  Terran Vehicle Weapons Level 1, Terran Vehicle And Ship Armor Level 1  
  117  10:41  Smart Servos  
  117  10:42  Viking x2  
  129  10:48  Planetary Fortress  
  129  10:49  SCV x3  
  134  11:01  SCV x3  
  137  11:06  Viking  
  137  11:07  Viking  
  137  11:09  Refinery  
  141  11:12  Refinery, Factory  
  141  11:13  SCV x3, Factory  
  143  11:20  Missile Turret  
  143  11:21  Missile Turret x2  
  143  11:25  SCV x2  
  143  11:26  SCV  
  146  11:38  SCV x2  
  148  11:42  Viking x4  
  154  11:47  Missile Turret  
  154  11:49  Missile Turret  
  154  11:52  Siege Tank x2  
  149  11:55  SCV x3  
  149  11:56  SCV  
  149  12:07  SCV x2  
  149  12:08  SCV x2, Factory Reactor, Factory Tech Lab  
  153  12:09  Hellion x2  
  153  12:12  Viking x3  
  163  12:17  Viking  
  163  12:19  SCV x2  
  163  12:20  SCV  
  168  12:24  Siege Tank  
  171  12:33  Fusion Core  
  171  12:35  Hellion x3  
  177  12:38  SCV  
  177  12:39  SCV  
  177  12:40  SCV x2  
  177  12:42  Liberator x2  
  187  12:51  SCV x2  
  189  12:56  Supply Depot x2  
  185  13:14  Siege Tank x2  
  167  13:28  Viking x3  
  167  13:30  Siege Tank  
  167  13:31  Hellion x3  
  167  13:32  Hellion  
  148  13:58  Liberator, Siege Tank x2  
  148  13:59  Liberator x3  
  148  14:01  Hellion x3  
  148  14:02  Hellion  
  154  14:15  Command Center  
  154  14:16  Cyclone  
  157  14:31  Hellion  
Show
View Real Time Build Order
Export as new Build Order

Goomba Terran 

Build Orders: Mech 

Get SALT Encoding   

  12  0:00  SCV  
  13  0:12  SCV  
  14  0:17  Supply Depot  
  14  0:24  SCV  
  15  0:29  Refinery  
  15  0:38  SCV  
  16  0:45  Barracks  
  16  0:51  SCV  
  16  0:55  Refinery  
  17  1:03  SCV  
  18  1:15  SCV  
  19  1:35  Orbital Command, Factory  
  19  1:39  Reaper  
  20  1:50  Supply Depot  
  20  2:00  SCV  
  21  2:11  Reaper  
  22  2:19  SCV, Hellion  
  25  2:31  SCV  
  25  2:34  Command Center  
  26  2:43  Hellion  
  26  2:44  Reaper  
  29  2:50  Supply Depot  
  29  2:52  SCV  
  30  2:59  Starport  
  30  3:04  SCV  
  31  3:08  Factory Tech Lab  
  31  3:16  SCV  
  32  3:25  Barracks Tech Lab  
  31  3:31  Siege Tank  
  31  3:34  SCV, Supply Depot  
  35  3:41  Viking  
  35  3:46  Marine  
  35  3:47  SCV  
  39  3:52  Orbital Command  
  39  3:59  SCV  
  40  4:08  Marine  
  40  4:09  Siege Tank  
  42  4:11  SCV  
  37  4:24  SCV  
  32  4:31  SCV  
  32  4:36  SCV  
  32  4:37  Raven  
  35  4:39  Refinery  
  35  4:42  Barracks Reactor  
  35  4:43  SCV  
  36  4:48  SCV  
  36  4:49  Cyclone  
  40  4:55  SCV  
  40  4:59  Engineering Bay  
  41  5:00  SCV  
  42  5:10  SCV  
  42  5:12  SCV  
  41  5:19  Marine x2  
  42  5:22  SCV  
  42  5:24  SCV  
  44  5:31  Raven  
  44  5:32  Siege Tank  
  44  5:34  SCV  
  50  5:36  SCV  
  50  5:37  Missile Turret  
  51  5:43  Missile Turret  
  51  5:46  SCV, Marine  
  51  5:48  SCV  
  54  5:54  Marine  
  55  5:58  SCV  
  55  6:01  SCV  
  57  6:04  Supply Depot  
  57  6:07  Marine  
  57  6:10  SCV  
  59  6:12  Marine  
  56  6:25  Marine  
  54  6:29  Marine  
  51  6:43  Siege Tank  
  55  6:47  SCV x2  
  55  6:50  Command Center  
  56  6:59  SCV x2  
  58  7:03  Refinery, Factory x2  
  58  7:11  SCV x2  
  58  7:13  Viking  
  62  7:16  Viking  
  64  7:23  SCV x2  
  64  7:26  Supply Depot  
  64  7:28  Supply Depot  
  66  7:39  SCV x2  
  68  7:45  Viking  
  68  7:47  Viking  
  68  7:49  Refinery  
  72  7:52  Refinery  
  72  7:55  SCV x2  
  72  7:57  Supply Depot, Factory Reactor  
  74  8:00  Siege Tank  
  74  8:01  Siege Tank  
  74  8:04  Orbital Command  
  80  8:07  SCV x2  
  80  8:12  Armory  
  82  8:15  Armory  
  82  8:19  SCV x2  
  83  8:20  Viking  
  85  8:30  Viking  
  85  8:31  SCV  
  85  8:32  SCV x2  
  89  8:36  Missile Turret  
  89  8:40  Supply Depot  
  89  8:41  Supply Depot  
  89  8:43  SCV, Siege Tank  
  89  8:47  Siege Tank  
  96  8:48  SCV x2  
  98  8:56  SCV, Sensor Tower  
  98  9:00  SCV  
  100  9:02  Missile Turret  
  100  9:08  Viking, Hellion x2  
  106  9:10  Viking  
  106  9:11  SCV  
  109  9:18  Supply Depot  
  109  9:19  Terran Vehicle Weapons Level 1, Terran Vehicle And Ship Armor Level 1  
  109  9:23  Supply Depot  
  109  9:24  SCV  
  110  9:25  SCV x2, Missile Turret  
  112  9:31  Siege Tank x2  
  118  9:40  SCV x2  
  118  9:41  SCV  
  121  9:50  Command Center, Factory  
  121  9:54  Factory  
  121  9:56  Infernal Pre-Igniter  
  121  9:58  Hellion x2  
  125  10:02  Supply Depot  
  125  10:03  Supply Depot  
  125  10:04  Siege Tank  
  128  10:09  Siege Tank  
  128  10:11  Medivac x2  
  135  10:15  SCV x2  
  135  10:19  Supply Depot  
  135  10:20  Supply Depot  
  135  10:21  Supply Depot  
  137  10:26  Hellion x2  
  140  10:29  Supply Depot  
  140  10:31  Supply Depot  
  140  10:39  Factory Tech Lab  
  140  10:40  Factory Reactor, Sensor Tower  
  140  10:43  Viking, Siege Tank x2  
  140  10:46  Viking  
  150  11:07  Hellion, Siege Tank  
  150  11:08  Hellion, Mag-Field Accelerator  
  157  11:15  Starport, Siege Tank  
  157  11:16  Starport  
  160  11:28  Viking  
  160  11:29  Viking  
  170  11:34  Terran Vehicle Weapons Level 2  
  156  12:01  Starport Reactor  
  156  12:02  Starport Reactor  
  156  12:08  Planetary Fortress  
  152  12:10  SCV x2  
  152  12:12  Viking x2, Thor  
  152  12:13  Thor  
  152  12:14  Refinery  
  170  12:16  Refinery  
  170  12:19  Terran Vehicle And Ship Armor Level 2  
  170  12:22  Missile Turret  
  170  12:25  Missile Turret  
  170  12:27  Missile Turret  
  170  12:28  Missile Turret  
  170  12:30  Missile Turret  
  170  12:34  SCV x3  
  170  12:35  Smart Servos  
  173  12:38  Viking x2  
  173  12:41  Command Center  
  177  12:46  SCV  
  178  12:53  Missile Turret  
  178  12:55  Fusion Core  
  174  13:01  Starport  
  172  13:09  Viking x4  
  172  13:10  Viking x2  
  184  13:27  Thor x2  
  184  13:39  Viking x3  
  151  13:48  Viking  
  151  13:51  Viking x2  
  140  13:55  Orbital Command  
  140  13:57  Hellion x3  
  128  14:02  Siege Tank  
  128  14:03  Hellion  
  128  14:09  Viking x2  
  127  14:10  Hellion  
  127  14:13  Siege Tank  
  127  14:14  Viking  
  125  14:18  Viking  
Tags
 
Add a new tag
Caveats
  • Supply blocks, unpowered buildings, or Contaminate may cause inaccurate times.
  • Supply counts are checked every 10 seconds.